 Dungeon Crawl Stone Soup version 0.14-a0-19-g3ffea20 (webtiles) character file.

2694 Vitellio the Hoplite (level 9, 0/74 HPs)
             Began as a Lava Orc Fighter on Sept 25, 2013.
             Was a Priest of Okawaru.
             Slain by an orc warrior
             ... wielding a -1,+0 orcish battleaxe
              (11 damage)
             ... on Level 7 of the Dungeon.
             The game lasted 00:44:21 (7705 turns).

Vitellio the Hoplite (Lava Orc Fighter)             Turns: 7705, Time: 00:44:21

HP   0/74        AC 18     Str 22      XL: 9   Next: 26%
MP   8/8         EV  4     Int  8      God: Okawaru [***...]
Gold 233         SH 24     Dex 10      Spells:  0 memorised,  8 levels left

Res.Fire  : + + +   See Invis. : .   F - -1,+1 orc war axe
Res.Cold  : x . .   Warding    : .   K - +1 orc plate armour
Life Prot.: . . .   Conserve   : .   c - +0 orc shield
Res.Poison: +       Res.Corr.  : .   y - +0 helmet
Res.Elec. : .       Clarity    : .   G - +1 cloak {rPois}
Sust.Abil.: . .     Spirit.Shd : .   (no gloves)
Res.Mut.  : .       Stasis     : .   (no boots)
Res.Rott. : .       Flight     : .   (no amulet)
Saprovore : + . .                    (no ring)
                                     i - ring of protection from magic

@: quick, quite resistant to hostile enchantments, extremely unstealthy
A: conserve scrolls, saprovore 1
a: Heroism, Renounce Religion, Convert to Beogh


You were on level 7 of the Dungeon.
You worshipped Okawaru.
Okawaru was most pleased with you.
You were hungry.

You visited 2 branches of the dungeon, and saw 8 of its levels.

You collected 303 gold pieces.
You spent 90 gold pieces at shops.

Inventory:

Hand weapons
 k - the +4,+1 dagger of Distraction {stab, rC+}
   (You found it on level 5 of the Dungeon)

   It inflicts extra damage upon your enemies.
   It protects you from cold.
 B - a +0 blowgun
 F - a -1,+1 orcish war axe (weapon)
Missiles
 h - 37 poisoned needles
 j - 6 curare-tipped needles
 u - 7 tomahawks (quivered)
Armour
 c - a +0 orcish shield (worn)
 y - a +0 helmet (worn)
 G - a +1 cloak of poison resistance (worn)
 K - a +1 orcish plate armour (worn)
Comestibles
 b - a bread ration
 d - 3 meat rations
 v - 2 grapes
 D - a rambutan
 H - an apple
Scrolls
 a - a scroll of enchant weapon I {unknown}
 e - 2 scrolls of magic mapping
 f - 6 scrolls of identify
 g - 2 scrolls of amnesia
 l - a scroll of blinking
 o - 2 scrolls of recharging {unknown}
 p - a scroll of teleportation
 E - a scroll of enchant armour
Jewellery
 i - a ring of protection from magic (left hand)
 x - an uncursed ring of wizardry
 C - an uncursed ring of fire
 J - an uncursed ring of ice
Potions
 n - a potion of resistance {unknown}
 q - 2 potions of speed {unknown}
 r - 2 potions of invisibility {unknown}
 s - 2 potions of restore abilities {unknown}
 w - a potion of slowing {unknown}
 A - a potion of curing
 I - a potion of magic {unknown}


   Skills:
 + Level 6.0 Fighting
 + Level 6.6 Axes
 + Level 6.8 Armour
 + Level 4.5 Dodging
 + Level 0.8 Stealth
 + Level 8.4 Shields


You had 8 spell levels left.
You didn't know any spells.

Dungeon Overview and Level Annotations

Branches:
Dungeon (7/27)             Temple (1/1) D:4             Orc (0/4) D:7

Altars:
Ashenzari
Cheibriados
Elyvilon
Fedhas
Kikubaaqudgha
Nemelex Xobeh
Okawaru
Sif Muna
Trog
Vehumet
Xom
Yredelemnul
Zin
Beogh

Shops:
D:4 +!(/

Annotations:
D:5 exclusion: statue


Innate Abilities, Weirdness & Mutations

You have stony skin.
You cover ground quickly.
Your flesh is almost immune to the effects of heat.
Your fire spells are more powerful.
Your flesh is vulnerable to cold.
Your heat harms attackers.
You bathe your surroundings in blazing heat.
You are too hot to use scrolls.
You are very good at protecting items from fire.
You can tolerate rotten meat.


Message History

Okawaru accepts your kill.
You're getting fired up.
The orc warrior hits you with an orcish long sword!
The orc warrior is singed by your heat.
The orc warrior is moderately wounded.
The orc warrior hits you with an orcish battleaxe!
* * * LOW HITPOINT WARNING * * *
The orc warrior is singed by your heat.
The orc warrior is heavily wounded.
The orc priest unwields an uncursed orcish club.
The orc priest drops an uncursed orcish club.
The orc priest picks up an orcish mace.
The orc priest wields an orcish mace.
The orc warrior hits you but does no damage.
The orc warrior is singed by your heat.
The orc warrior is moderately wounded.
You barely miss the orc priest.
The orc warrior is burned by your radiant heat.
The orc warrior is heavily wounded.
The orc warrior hits you with an orcish battleaxe!
You die...

####..###### #..........# #.
#..........# #.#### #..........#
#....# #..........# #....##
#####........#
#....8#.....#........#
#....o#o....#........# ##########
#..>.@ooo_..#........# .........#
#....o#oo...#........#
...).....###....8# ....#........#
................########.........
.........###=##.............####.
.........# #.##.........:)..# #.
.....?...###.##.............# #.
..............#....)........# #.
.........###..#.###.#####...## #.


You could see 2 orc warriors, 2 orc priests, an orc wizard and 3 orcs.

Vanquished Creatures
  Prince Ribbit (D:5)
  A hungry ghost (D:7)
  Menkaure (D:5)
  A sky beast (D:5)
  A black bear (D:6)
  An orc warrior (D:7)
  2 ice beasts
  3 ogres
  2 giant frogs
  A water moccasin (D:5)
  6 killer bees (D:5)
  5 crimson imps
  A centaur skeleton (D:5)
  Crazy Yiuf (D:6)
  A giant frog skeleton (D:6)
  2 hounds
  2 orc priests (D:6)
  3 worker ants
  4 orc wizards
  2 iguanas (D:5)
  Ijyb (D:2)
  A hound skeleton (D:6)
  6 gnolls
  7 adders
  6 worms
  2 giant mites
  A goliath beetle zombie (D:5)
  4 giant geckos
  22 orcs
  A ball python (D:4)
  14 bats
  6 goblins
  16 hobgoblins
  10 kobolds
  3 giant cockroaches
  A giant newt (D:3)
  A goblin skeleton (D:4)
  A hobgoblin skeleton (D:5)
  10 jackals
  3 quokkas
  12 rats
169 creatures vanquished.

Vanquished Creatures (others)
  An orc wizard (D:6)
  A kobold (D:5)
2 creatures vanquished.

Grand Total: 171 creatures vanquished

Notes
Turn   | Place    | Note
--------------------------------------------------------------
     0 | D:1      | Vitellio, the Lava Orc Fighter, began the quest for the Orb.
     0 | D:1      | Reached XP level 1. HP: 19/19 MP: 0/0
   285 | D:1      | Reached XP level 2. HP: 26/26 MP: 1/1
   565 | D:1      | Reached skill level 4 in Fighting
  1250 | D:2      | Reached XP level 3. HP: 33/33 MP: 2/2
  1455 | D:2      | Noticed Ijyb
  1477 | D:2      | Killed Ijyb
  1500 | D:2      | Reached XP level 4. HP: 14/40 MP: 3/3
  2866 | D:4      | Found Psackon's Magical Wand Emporium.
  2885 | D:4      | Reached skill level 1 in Dodging
  2885 | D:4      | Reached XP level 5. HP: 35/46 MP: 4/4
  2906 | D:4      | Found Shrimpasm's Antique Weapon Shop.
  3044 | D:4      | Found Khybus' Book Emporium.
  3163 | D:4      | Found a staircase to the Ecumenical Temple.
  3193 | Temple   | Entered the Ecumenical Temple
  3304 | Temple   | Became a worshipper of Warmaster Okawaru
  3591 | D:4      | Found Stregigg's Distillery.
  3600 | D:4      | Bought a potion of might for 30 gold pieces
  3600 | D:4      | Bought a potion of curing for 24 gold pieces
  3600 | D:4      | Bought a potion of heal wounds for 36 gold pieces
  3726 | D:5      | Entered Level 5 of the Dungeon
  3763 | D:5      | Reached XP level 6. HP: 12/53 MP: 5/5
  3788 | D:5      | Reached skill level 5 in Shields
  3971 | D:5      | Reached skill level 5 in Armour
  3971 | D:5      | Reached XP level 7. HP: 13/60 MP: 6/6
  3975 | D:5      | Acquired Okawaru's first power
  4207 | D:5      | Noticed an ice beast
  4221 | D:5      | Killed an ice beast
  4221 | D:5      | Reached skill level 6 in Shields
  4277 | D:5      | Noticed Menkaure
  4278 | D:5      | Noticed Prince Ribbit
  4288 | D:5      | Killed Menkaure
  4291 | D:5      | Killed Prince Ribbit
  4691 | D:5      | Got a polished dagger
  4692 | D:5      | Identified the +4,+1 dagger of Distraction {stab, rC+} (You found it on level 5 of the Dungeon)
  4726 | D:5      | Noticed an ogre
  4742 | D:5      | Killed an ogre
  4767 | D:5      | Found a radiant altar of Vehumet.
  4820 | D:5      | Reached XP level 8. HP: 65/67 MP: 7/7
  4987 | D:5      | Noticed a sky beast
  5016 | D:5      | Killed a sky beast
  5016 | D:5      | Reached skill level 5 in Fighting
  5073 | D:5      | Reached skill level 5 in Axes
  5090 | D:5      | Reached skill level 7 in Shields
  7083 | D:6      | Reached skill level 8 in Shields
  7161 | D:6      | Reached XP level 9. HP: 47/74 MP: 8/8
  7225 | D:6      | Noticed Crazy Yiuf
  7232 | D:6      | Killed Crazy Yiuf
  7439 | D:7      | Found a staircase to the Orcish Mines.
  7691 | D:7      | Found a roughly hewn altar of Beogh.
  7705 | D:7      | Slain by an orc warrior

Action                   |  1- 3 |  4- 6 |  7- 9 || total
-------------------------+-------+-------+-------++-------
Melee: Hand axe          |   109 |   294 |   366 ||   769
       War axe           |       |       |    88 ||    88
  Use: Scroll            |       |    13 |     5 ||    18
       Potion            |       |     2 |     3 ||     5
 Stab: Fleeing           |       |       |     1 ||     1
